 Dungeon Crawl Stone Soup version 0.16.1-2-g95b8d4c (webtiles) character file.

20682 Scytalen the Convoker (level 12, 53/57 HPs)
             Began as a Felid Summoner on Mar 24, 2015.
             Was an Elder of Ru.
             Quit the game on level 1 of the Orcish Mines.
             The game lasted 02:51:11 (26970 turns).

Scytalen the Convoker (Felid Summoner)             Turns: 26970, Time: 02:51:12

Health: 53/57      AC:  9    Str:  4    XL:     12   Next: 47%
Magic:  23/38      EV: 25    Int: 22    God:    Ru [****..]
Gold:   1371       SH:  0    Dex: 15    Spells: 5 memorised, 11 levels left
                                        Lives:  1   Deaths: 1

rFire  . . .     SeeInvis +     (weapon unavailable)
rCold  + . .     Clarity  .     (armour unavailable)
rNeg   . . .     SustAb   +     (shield unavailable)
rPois  .         Gourm    .     (helmet unavailable)
rElec  .         Spirit   .     (cloak unavailable)
rCorr  .         Warding  .     (gloves unavailable)
rMut   .         Stasis   .     (boots unavailable)
MR     ++...                    (no amulet)
Stlth  ..........               G - ring of sustain abilities
                                h - ring of magical power

@: horrified, quick, very resistant to hostile enchantments, extremely
unstealthy
A: paw claws, no armour, no weapons or thrown items, fangs 3, rough black scales
1, thin metallic scales 1, see invisible, carnivore 3, deterioration 1, speed 1,
magic resistance 1, robust 1, shaggy fur 3, slow metabolism 1, spit poison 1,
wild magic 1, inability to drink while threatened, inability to read while
threatened, no stealth, cowardly, MP-powered wands 1, sharp paws
a: Spit Poison, Draw Out Power, Power Leap, Renounce Religion


You were on level 1 of the Orcish Mines.
You worshipped Ru.
Ru was greatly pleased with you.
You were not hungry.

You visited 4 branches of the dungeon, and saw 21 of its levels.
You also visited: Volcano.

You collected 2013 gold pieces.
You spent 642 gold pieces at shops.

Inventory:

Jewellery
 h - a ring of magical power (left paw)
 m - an uncursed ring of poison resistance
 y - an uncursed ring of fire
 G - a ring of sustain abilities (right paw)
Magical devices
 r - a wand of flame (48)
 S - a wand of teleportation (2)
 T - a wand of paralysis (16)
 V - a wand of cold (10)
 W - a wand of fire (9)
 X - a wand of draining (9)
Scrolls
 a - 2 scrolls of fog
 k - 12 scrolls of remove curse
 o - 6 scrolls of teleportation
 p - 2 scrolls of magic mapping
 q - 3 scrolls of amnesia
 F - a scroll of identify
 H - a scroll of silence
 O - 2 scrolls of blinking
 Q - a scroll of holy word
Potions
 e - 6 potions of brilliance
 g - 5 potions of restore abilities
 j - 2 potions of invisibility
 l - 3 potions of cancellation
 n - 8 potions of curing
 t - 2 potions of might
 u - 2 potions of magic
 z - a potion of resistance
 A - 5 potions of haste
 C - a potion of ambrosia
 K - 3 potions of berserk rage
 N - 4 potions of heal wounds
 P - 3 potions of agility
Miscellaneous
 E - a phantom mirror
 Z - a plain deck of wonders
Comestibles
 b - 5 chunks of flesh
 c - 13 meat rations
 i - 10 slices of pizza
 s - 2 beef jerkies
 D - 20 royal jellies


   Skills:
 + Level 5.8 Fighting
 - Level 11.2 Dodging
 - Level 6.6 Spellcasting
 - Level 7.6 Conjurations
 - Level 16.3 Summonings
 - Level 6.1 Air Magic


You had 11 spell levels left.
You knew the following spells:

 Your Spells              Type           Power        Failure   Level  Hunger
a - Summon Small Mammal   Summ           ####         1%          1    None
b - Call Imp              Summ           ######..     1%          2    None
c - Call Canine Familiar  Summ           ######..     1%          3    #......
d - Summon Lightning Spi  Summ/Air       ######..     3%          4    ###....
e - Mephitic Cloud        Conj/Pois/Air  ####....     11%         3    #......


Dungeon Overview and Level Annotations

Branches:
Dungeon (11/15)            Temple (1/1) D:5            Lair (8/8) D:10
 Shoals (0/5) Lair:5        Snake (0/5) Lair:4        Slime (0/6) Lair:6
    Orc (1/4) D:9

Altars:
Ashenzari
Cheibriados
Dithmenos
Elyvilon
Fedhas
Gozag
Kikubaaqudgha
Makhleb
Nemelex Xobeh
Okawaru
Qazlal
Ru
Sif Muna
Trog
Vehumet
Xom
Yredelemnul
Zin
The Shining One
Jiyva

Shops:
D:5 (   D:7 *   D:8 [   D:9 =(:(!=


Innate Abilities, Weirdness & Mutations

You cannot wear armour.
You are incapable of wielding weapons or throwing items.
You have razor-sharp teeth.
You have supernaturally acute eyesight.
You are carnivorous and can eat meat at any time.
You cover ground quickly.
Your thick and shaggy fur keeps you warm (AC +3, rC+).
You have a slow metabolism.
You cannot drink potions while threatened.
You cannot read scrolls while threatened.
You cannot be stealthy.
You are a coward.
Your paws have sharp claws that are effective at stabbing.
You are partially covered in rough black scales (AC +4, Dex -1).
You are partially covered in thin metallic scales (AC +2).
Your body is slowly deteriorating.
You are resistant to hostile enchantments.
You are robust (+10% HP).
You can spit poison.
Your spells are a little harder to cast, but a little more powerful.
You expend magic power (3 MP) to slightly strengthen your wands.


Message History

Your warg bites the stone giant but does no damage.
The stone giant hits your warg!!!
Your warg dies!
Your warg's corpse disappears in a puff of smoke!
You now have 25/38 mp.
What do you say? t - Meow!
Orders for allies: a - Attack new target. r - Retreat! s - Stop attacking. w - Wait here. f - Follow me.
Anything else - Stay silent.
Okay, then.
Unknown command.
Casting: Call Imp
Confirm with . or Enter, or press ? or * to list all spells.
A metallic apparition takes form in the air.
You now have 23/38 mp.
Something hits your iron imp.
You feel a twist of horror at the sight of this foe.
Are you sure you want to abandon this character and quit the game? (Confirm with "yes".)

## ## ## # ## ########
#.##.##..#....##.#.#..#.
............. ...........
#..#..........#..#....#...
#...#........#............
##..#.....#.....@.5.......
#..........#..#.#.....o....
##.....#.......###5........
##.....)......#)†C........
#.#.......$....oo..o##....
........(.......C..## ...
.......(..##.##)#### #
#.....>...#....#.##...
.......o...............


You could see a stone giant, an orc wizard, an orc, a friendly iron imp and a
friendly white imp.

Vanquished Creatures
  A death yak (Lair:8)
  A raven (Lair:5)
  2 yaks
  A wolf (Lair:7)
  A porcupine (Lair:3)
  A water moccasin (Lair:5)
  2 crocodiles
  A giant frog (Lair:7)
  An adder (Lair:3)
  2 orcs
  2 bat skeletons
  2 goblins
  3 hobgoblins
  7 bats
  A giant newt (D:5)
  A jackal (D:7)
  5 quokkas
  4 rats
  A fungus (Lair:8)
  A plant (Lair:8)
40 creatures vanquished.

Vanquished Creatures (collateral kills)
  6 hydras
  A fire dragon (D:11)
  Fannar (Lair:2)
  A centaur warrior (D:11)
  Erica (D:10)
  3 catoblepae (Lair:8)
  9 death yaks (Lair:8)
  Erolcha (D:10)
  A fire crab (Lair:8)
  The ghost of ZiggyStardust the Archer, an experienced CeWr of Okawaru (D:8)
  A wizard (D:11)
  2 unseen horrors
  3 hill giants (D:10)
  A griffon (Lair:7)
  A salamander (Lair:7)
  A griffon (shapeshifter) (D:11)
  2 ugly things
  A centaur zombie (D:10)
  A cyclops (D:11)
  19 elephants
  A torpor snail (Lair:8)
  3 black mambas
  A centaur skeleton (D:11)
  9 spiny frogs
  3 fire drakes
  4 wandering mushrooms (Lair:1)
  A queen bee (Lair:1)
  14 komodo dragons
  A raven (Lair:5)
  2 two-headed ogres
  2 boulder beetles
  15 blink frogs
  A deep elf mage (D:11)
  2 basilisks
  A fire bat (Volcano)
  A steam dragon (Lair:5)
  A hog (Volcano)
  Grum (D:9)
  2 wargs
  2 deep elf fighters (Volcano)
  3 nagas (Lair:4)
  26 wolves
  11 hippogriffs
  A hungry ghost (D:11)
  62 yaks
  Menkaure (D:6)
  A soldier ant (D:10)
  22 water moccasins
  9 porcupines
  5 ice beasts
  A wasp (D:11)
  4 necrophages
  5 orc warriors
  2 black bears
  3 lightning spires
  5 ogres
  3 sky beasts
  A phantom (D:4)
  2 boring beetles
  3 centaurs
  Duvessa (D:9)
  2 big kobolds (D:8)
  13 crocodiles
  A wyvern zombie (D:11)
  A brain worm (D:11)
  21 giant frogs
  A gnoll sergeant (D:8)
  A water moccasin zombie (D:11)
  A wyvern skeleton (D:9)
  A water moccasin skeleton (D:9)
  2 scorpions
  2 electric eels
  23 killer bees (Lair:1)
  3 crimson imps
  Dowan (D:9)
  4 goliath beetles
  9 hounds
  4 giant frog skeletons
  3 jellies
  A lava snake (Lair:7)
  A quasit (D:5)
  2 orc priests
  6 iguanas
  An iron imp (Lair:2)
  9 worker ants
  3 orc wizards
  Ijyb (D:6)
  12 sheep
  Terence (D:2)
  10 gnolls
  30 adders
  43 river rats
  A white imp (Lair:5)
  A giant mite (D:8)
  4 shadow imps
  6 giant geckos
  An ooze (D:2)
  42 orcs
  A ball python (D:1)
  5 bats
  2 bat skeletons
  15 goblins
  16 hobgoblins
  11 jackals
  20 kobolds
  13 quokkas
  2 giant cockroaches
  A giant gecko skeleton (D:5)
  A giant gecko zombie (D:7)
  6 giant newts
  A goblin skeleton (D:5)
  A kobold skeleton (D:5)
  3 kobold zombies (D:5)
  An orc skeleton (D:5)
  An orc zombie (D:5)
  5 rats
  2 fungi
670 creatures vanquished.

Vanquished Creatures (others)
  A black mamba (Lair:7)
  A two-headed ogre (Volcano)
  37 wolves
  102 wargs
  41 lightning spires
  87 crimson imps
  15 hounds
  36 iron imps
  A sheep (Lair:6)
  97 shadow imps
  89 white imps
  9 bats
  18 quokkas
  14 rats
  3 fungi
  7 plants
558 creatures vanquished.

Grand Total: 1268 creatures vanquished

Notes
Turn   | Place    | Note
--------------------------------------------------------------
     0 | D:1      | Scytalen, the Felid Summoner, began the quest for the Orb.
     0 | D:1      | Reached XP level 1. HP: 7/7 MP: 4/4
   901 | D:1      | Reached XP level 2. HP: 11/11 MP: 5/5
   917 | D:1      | Learned a level 2 spell: Call Imp
  1808 | D:2      | Reached skill level 5 in Summonings
  1808 | D:2      | Reached XP level 3. HP: 14/14 MP: 8/8
  1983 | D:2      | Noticed Terence
  2001 | D:2      | Killed Terence
  2027 | D:2      | Learned a level 3 spell: Call Canine Familiar
  3061 | D:3      | Reached XP level 4. HP: 18/18 MP: 10/10
  3733 | D:4      | Noticed a phantom
  3793 | D:4      | Killed a phantom
  3793 | D:4      | Reached skill level 6 in Summonings
  3898 | D:4      | Reached XP level 5. HP: 21/21 MP: 12/12
  4212 | D:4      | Reached skill level 7 in Summonings
  4735 | D:5      | Entered Level 5 of the Dungeon
  4793 | D:5      | Noticed an ogre
  4813 | D:5      | Killed an ogre
  4813 | D:5      | Gained mutation: You are covered in thick fur (AC +2). [growing up]
  4813 | D:5      | Reached XP level 6. HP: 24/24 MP: 8/14
  4854 | D:5      | Noticed a sky beast
  4885 | D:5      | Killed a sky beast
  4895 | D:5      | Reached skill level 5 in Dodging
  5019 | D:5      | Found Voihox's Antique Weapon Shoppe.
  5020 | D:5      | Noticed an ice beast
  5041 | D:5      | Killed an ice beast
  5132 | D:5      | Found a staircase to the Ecumenical Temple.
  5139 | Temple   | Entered the Ecumenical Temple
  5226 | Temple   | Became a worshipper of Ru the Awakened
  5314 | D:5      | Found a glowing golden altar of the Shining One.
  5555 | D:5      | Learned a level 4 spell: Summon Lightning Spire
  5880 | D:6      | Noticed Ijyb
  5941 | D:6      | Killed Ijyb
  5961 | D:6      | Noticed Menkaure
  5969 | D:6      | Killed Menkaure
  5969 | D:6      | Reached skill level 1 in Air Magic
  5969 | D:6      | Reached XP level 7. HP: 14/27 MP: 18/18
  6701 | D:6      | Gained mutation: Your body is slowly deteriorating. [potion of mutation]
  6701 | D:6      | Gained mutation: You evolve. [potion of mutation]
  6701 | D:6      | Gained mutation: Your spells are a little harder to cast, but a little more powerful. [potion of mutation]
  6702 | D:6      | Gained mutation: You are partially covered in rough black scales (AC +4, Dex -1). [potion of mutation]
  6702 | D:6      | Gained mutation: You are resistant to hostile enchantments. [potion of mutation]
  6702 | D:6      | Gained mutation: You expend magic power (3 MP) to slightly strengthen your wands. [potion of mutation]
  6802 | D:7      | Found Utya's Assorted Antiques.
  6807 | D:7      | Found a blossoming altar of Fedhas.
  6811 | D:7      | Bought an iron wand for 96 gold pieces
  7236 | D:7      | Gained mutation: You cannot read scrolls while threatened. [Ru sacrifice]
  7236 | D:7      | Acquired Ru's first power
  7320 | D:7      | Reached skill level 8 in Summonings
  7405 | D:7      | Reached XP level 8. HP: 31/31 MP: 20/20
  7715 | D:8      | Gained mutation: You are robust (+10% HP). [potion of mutation]
  7715 | D:8      | Gained mutation: Your thick and shaggy fur keeps you warm (AC +3, rC+). [potion of mutation]
  7831 | D:8      | Found a white marble altar of Elyvilon.
  7850 | D:8      | Found Erghyw Jile's Antique Armour Shop.
  8103 | D:8      | Noticed ZiggyStardust's ghost (experienced CeWr)
  8119 | D:8      | Reached skill level 9 in Summonings
  8147 | D:8      | Killed ZiggyStardust's ghost
  8177 | D:8      | Reached skill level 10 in Summonings
  8365 | D:8      | Found an ancient bone altar of Kikubaaqudgha.
  8721 | D:9      | Found Kecar's Weapon Shop.
  8765 | D:9      | Noticed Dowan
  8776 | D:9      | Killed Dowan
  8776 | D:9      | Reached skill level 1 in Fighting
  8796 | D:9      | Noticed Duvessa
  8815 | D:9      | Killed Duvessa
  8918 | D:9      | Found Ibeon's Book Shoppe.
  8982 | D:9      | Found Stud's Jewellery Boutique.
  9097 | D:9      | Identified Lann's Incunabulum of Harmful Toxins
  9123 | D:9      | Noticed Grum
  9148 | D:9      | Killed Grum
  9169 | D:9      | Reached XP level 9. HP: 37/41 MP: 18/21
  9344 | D:9      | Found a staircase to the Orcish Mines.
  9347 | D:9      | Found Pakoyll's Weapon Shop.
  9615 | D:9      | Found Viatawe's Jewellery Shoppe.
  9634 | D:9      | Found Calucum's Distillery.
  9638 | D:9      | Bought a potion of agility for 48 gold pieces
  9638 | D:9      | Bought a potion of might for 48 gold pieces
  9638 | D:9      | Noticed a two-headed ogre
  9646 | D:9      | Killed a two-headed ogre
  9836 | D:9      | Bought a potion of cure mutation for 420 gold pieces
  9950 | D:10     | Entered Level 10 of the Dungeon
  9950 | D:10     | Noticed a centaur zombie
 10096 | D:10     | Killed a centaur zombie
 10096 | D:10     | Reached skill level 11 in Summonings
 10165 | D:10     | Noticed an elephant
 10178 | D:10     | Killed an elephant
 10247 | D:10     | Found a staircase to the Lair.
 10263 | D:10     | Noticed Erica
 10273 | D:10     | Killed Erica
 10273 | D:10     | Reached skill level 5 in Air Magic
 10300 | D:10     | Gained mutation: You cannot be stealthy. [Ru sacrifice]
 10300 | D:10     | Acquired Ru's second power
 10350 | D:10     | Noticed a hill giant
 10372 | D:10     | Killed a hill giant
 10404 | D:10     | Learned a level 3 spell: Mephitic Cloud
 10686 | D:10     | Gained mutation: You are agile. (Dex +2) [evolution]
 10695 | D:10     | Noticed an unseen horror
 10718 | D:10     | Killed an unseen horror
 10718 | D:10     | Reached skill level 1 in Conjurations
 10933 | D:10     | Noticed Erolcha
 10946 | D:10     | Killed Erolcha
 10946 | D:10     | Reached XP level 10. HP: 47/47 MP: 18/22
 11047 | D:10     | Noticed a hill giant
 11055 | D:10     | Killed a hill giant
 11284 | D:10     | Noticed a hill giant
 11301 | D:10     | Killed a hill giant
 11466 | D:11     | Noticed a red ugly thing
 11499 | D:10     | Killed a red ugly thing
 11708 | D:11     | Reached skill level 5 in Conjurations
 12055 | D:11     | Noticed a cyclops
 12056 | D:11     | Noticed a fire crab
 12056 | D:11     | Noticed a fire dragon
 12059 | D:11     | Noticed a wizard
 12059 | D:11     | Noticed an unseen horror
 12059 | D:11     | Noticed a green ugly thing
 12074 | D:11     | Noticed a centaur warrior
 12126 | D:11     | Killed a cyclops
 12127 | D:11     | a fire crab changed into a komodo dragon
 12175 | D:11     | Killed a centaur warrior
 12583 | D:11     | Found a glowing golden altar of the Shining One.
 12625 | D:11     | Noticed an anubis guard
 12867 | D:10     | Gained mutation: You are partially covered in thin metallic scales (AC +2). [evolution]
 13041 | D:11     | Killed a green ugly thing
 13047 | D:11     | Killed a fire dragon
 13199 | D:11     | Killed an unseen horror
 13199 | D:11     | Reached skill level 5 in Spellcasting
 13433 | D:11     | Noticed a griffon
 13440 | D:11     | Killed a griffon
 13440 | D:11     | Reached XP level 11. HP: 50/50 MP: 21/26
 13444 | D:11     | Killed a wizard
 13507 | Lair:1   | Entered Level 1 of the Lair of Beasts
 14013 | Lair:1   | Gained mutation: You cannot drink potions while threatened. [Ru sacrifice]
 14013 | Lair:1   | Acquired Ru's third power
 14106 | Lair:1   | Noticed a four-headed hydra
 15597 | Lair:1   | Reached skill level 12 in Summonings
 16227 | Lair:2   | Noticed Fannar
 16248 | Lair:2   | Killed Fannar
 16441 | Lair:2   | Reached skill level 13 in Summonings
 17060 | Lair:3   | Noticed a five-headed hydra
 17068 | Lair:3   | Killed a five-headed hydra
 17340 | Lair:3   | Gained mutation: You are a coward. [Ru sacrifice]
 17340 | Lair:3   | Acquired Ru's fourth power
 17741 | Lair:3   | Lost mutation: You are agile. (Dex +2) [evolution]
 17741 | Lair:3   | Lost mutation: You evolve. [end of evolution]
 18170 | Lair:4   | Mutation became permanent: Your thick and shaggy fur keeps you warm (AC +3, rC+). [growing up]
 18170 | Lair:4   | Reached XP level 12. HP: 51/53 MP: 19/29
 18180 | Lair:4   | Reached skill level 14 in Summonings
 18287 | Lair:4   | You fall through a shaft!
 18385 | Lair:5   | Found a dark tunnel.
 18403 | Volcano  | Entered a volcano
 19319 | Lair:5   | Found a staircase to the Shoals.
 20174 | Lair:6   | Reached skill level 15 in Summonings
 20241 | Lair:6   | Found a viscous altar of Jiyva.
 20328 | Lair:6   | Found an ancient bone altar of Kikubaaqudgha.
 20566 | Lair:6   | Found a staircase to the Slime Pits.
 21642 | Lair:7   | Reached skill level 16 in Summonings
 21937 | Lair:7   | Noticed an eight-headed hydra
 21955 | Lair:7   | Killed an eight-headed hydra
 22089 | Lair:7   | Identified a scroll of acquirement
 22825 | Lair:8   | Entered Level 8 of the Lair of Beasts
 22852 | Lair:8   | Noticed an eight-headed hydra
 22868 | Lair:8   | Killed an eight-headed hydra
 23385 | Lair:7   | Reached skill level 5 in Fighting
 23563 | Lair:8   | Noticed a seven-headed hydra
 23567 | Lair:8   | Killed a seven-headed hydra
 23567 | Lair:8   | Reached XP level 13. HP: 59/59 MP: 26/30
 24422 | Lair:8   | Noticed a catoblepas
 24431 | Lair:8   | Killed a catoblepas
 24461 | Lair:8   | Noticed a catoblepas
 24481 | Lair:8   | Killed a catoblepas
 25256 | Lair:8   | Noticed a catoblepas
 25287 | Lair:8   | Killed a catoblepas
 25287 | Lair:8   | Reached skill level 10 in Dodging
 25350 | Lair:8   | Identified the Grimoire of Black Secrets
 25772 | Lair:4   | Noticed a five-headed hydra
 25781 | Lair:4   | Killed a five-headed hydra
 25818 | Lair:4   | Found a staircase to the Snake Pit.
 25873 | Lair:4   | Noticed a five-headed hydra
 25893 | Lair:4   | Killed a five-headed hydra
 26821 | D:9      | Bought a potion of mutation for 30 gold pieces
 26858 | Orc:1    | Entered Level 1 of the Orcish Mines
 26912 | Orc:1    | Noticed a stone giant
 26917 | Orc:1    | Hit by a large rock thrown by a stone giant
 26918 | Orc:1    | Reached XP level 12. HP: -1/57 MP: 38/38
 26957 | Orc:1    | Gained mutation: You can spit poison. [potion of beneficial mutation]
 26970 | Orc:1    | Quit the game

Action                   |  1- 3 |  4- 6 |  7- 9 | 10-12 | 13-15 || total
-------------------------+-------+-------+-------+-------+-------++-------
Melee: Unarmed           |    13 |    16 |    42 |   395 |   163 ||   629
 Cast: Summon Small Mamm |    42 |    13 |    25 |     2 |       ||    82
       Call Imp          |    43 |    49 |   105 |   336 |    80 ||   613
       Call Canine Famil |    12 |    30 |    52 |   148 |    40 ||   282
       Summon Lightning  |       |       |       |    73 |    23 ||    96
       Mephitic Cloud    |       |       |       |     1 |       ||     1
Invok: Sacrifice Words   |       |       |     1 |       |       ||     1
       Sacrifice Stealth |       |       |     1 |       |       ||     1
       Sacrifice Drink   |       |       |       |     1 |       ||     1
       Sacrifice Courage |       |       |       |     1 |       ||     1
       Draw Out Power    |       |       |       |     3 |     1 ||     4
       Reject Sacrifices |       |       |       |       |     1 ||     1
Evoke: Wand              |       |       |       |     7 |       ||     7
  Use: Scroll            |     2 |     3 |     8 |    22 |     3 ||    38
       Potion            |       |     1 |     6 |     2 |     1 ||    10
 Stab: Sleeping          |     3 |     2 |     1 |       |       ||     6
       Distracted        |       |       |     1 |     7 |     3 ||    11
       Invisible         |       |       |       |     2 |     1 ||     3
  Eat: Chunk             |    16 |    11 |    18 |    45 |     9 ||    99
